 Dungeon Crawl Stone Soup version 0.18-a0-1426-g3b9a63c (webtiles) character file.

73 GrosslyIncandescent the Insei (level 4, -5/35 HPs)
             Began as a Mummy Monk on Feb 27, 2016.
             Slain by an orc priest
             ... wielding a +0 flail
              (13 damage)
             ... on level 3 of the Dungeon.
             The game lasted 00:03:15 (3257 turns).

GrosslyIncandescent the Insei (Mummy Monk)          Turns: 3257, Time: 00:03:15

Health: -5/35      AC:  0    Str: 14    XL:     4   Next: 8%
Magic:  4/4        EV: 13    Int:  9    God:
Gold:   113        SH:  0    Dex: 18    Spells: 0 memorised, 3 levels left

rFire  x . .     SeeInvis .       - Unarmed
rCold  + . .     Gourm    .     (no armour)
rNeg   + + +     Faith    .     (no shield)
rPois  ∞         Spirit   .     (no helmet)
rElec  .         Dismiss  .     (no cloak)
rCorr  .         Reflect  .     (no gloves)
SustAt .         Harm     .     (no boots)
MR     .....                    (no amulet)
Stlth  ++........               (no ring)
                                b - +3 ring of dexterity

@: not resistant to hostile enchantments, unstealthy
A: no food or potions, fire vulnerability, cold resistance 1, negative energy
resistance 3, torment resistance, unbreathing
a: no special abilities


You were on level 3 of the Dungeon.
You were not hungry.

You visited 1 branch of the dungeon, and saw 3 of its levels.

You collected 113 gold pieces.


Innate Abilities, Weirdness & Mutations

You do not eat or drink.
Your flesh is vulnerable to fire.
You are immune to poison.
Your flesh is cold resistant.
You are immune to negative energy.
You are immune to unholy pain and torment.
You can survive without breathing.


   Skills:
 - Level 3.0 Fighting
 - Level 2.4 Dodging
 - Level 1.5 Stealth
 + Level 4.6 Unarmed Combat


You had 3 spell levels left.
You didn't know any spells.

Inventory:

Jewellery
 b - a +3 ring of dexterity (left hand)
Scrolls
 a - 3 scrolls of remove curse {unknown}
 c - 2 scrolls of teleportation {unknown}
 d - a scroll of recharging {unknown}
 e - a scroll of random uselessness {unknown}

Dungeon Overview and Level Annotations

Branches:
Dungeon (3/15)

Altars:
Okawaru

▒. ▒...▒.▒.▒ ▒.
▒.▒▒▒...▒(▒.▒▒ ▒.▒
▒.............
▒.▒▒▒▒▒▒▒%........
▒.▒▒.......o..▒..
▒.▒▒..▒▒▒▒.▒▒▒▒ ▒
▒▒.▒▒..▒ ▒.▒ ▒▒...▒..▒
▒.▒ ▒▒.▒.▒Mo.▒▒▒▒.▒
▒..(....(/..▒.▒ ▒▒▒▒
▒▒.▒.▒).......▒ ▒..
▒......▒▒▒.▒.........
▒.▒.▒▒.▒ ▒.▒▒▒▒▒▒▒▒.▒
▒.▒▒▒▒.▒▒▒.▒ ▒o▒
▒.▒▒▒...▒▒.▒ ▒o▒
▒.......)(.▒ ▒.▒
▒▒▒▒▒..)▒▒▒▒▒▒▒▒▒▒▒.▒▒


You could see an orc priest.


Message History

A hobgoblin comes into view! It is wielding a club!
The hobgoblin moves out of view!
You climb downwards!
There is a stone staircase leading up here!
You start resting!
You start resting!
There is a stone staircase leading up here!
You pummel the orc priest but do no damage!
The orc priest hits you with a flail!
You squash the orc priest but do no damage!
The orc priest miscasts a cantrip!
You closely miss the orc priest!
The orc priest hits you with a flail!!! * * * don't die
* * * You are too injured to fight recklessly!!!
You are too injured to fight recklessly!!!
You are too injured to fight recklessly!!!
You beat the orc priest into a bloody pulp!!!
The orc priest is heavily wounded!
The orc priest mumbles some strange prayers to Beogh against you!
Beogh smites you!!! * * * don't die
* * * You beat the orc priest into a bloody pulp!
The orc priest is almost dead!
You closely miss the orc priest!
The orc priest is almost dead!
The orc priest barely misses you!
You pummel the orc priest like a punching bag!
The orc priest is almost dead!
The orc priest hits you with a flail!!! rip

Action                   |  1- 3 |  4- 6 || total
-------------------------+-------+-------++-------
Melee: Unarmed           |   159 |     7 ||   166
 Stab: Sleeping          |     5 |       ||     5

Vault maps used:
D:1:      eino_arrival_water_cross, minivault_27, minivault_23
D:2:      old_standard_altar, first_bread

Notes
Turn   | Place    | Note
--------------------------------------------------------------
     0 | D:1      | GrosslyIncandescent the Mummy Monk began the quest for the Orb.
     0 | D:1      | Reached XP level 1. HP: 18/18 MP: 1/1
   698 | D:1      | Reached XP level 2. HP: 21/24 MP: 2/2
  1186 | D:2      | Reached skill level 4 in Unarmed Combat
  1194 | D:2      | Reached XP level 3. HP: 16/29 MP: 3/3
  1387 | D:2      | Found an iron altar of Okawaru.
  3147 | D:3      | Reached XP level 4. HP: 20/35 MP: 4/4
  3257 | D:3      | Slain by an orc priest

Vanquished Creatures
  2 adders
  2 oozes (D:2)
  A worm (D:2)
  A giant gecko (D:1)
  4 orcs (D:3)
  2 goblins
  3 hobgoblins
  6 jackals
  A ball python (D:2)
  6 bats
  A giant newt (D:1)
  7 kobolds
  4 rats
40 creatures vanquished.
